 Dungeon Crawl Stone Soup version 0.30-a0-777-ga9a30cbeda (webtiles) character file.

Game seed: 2649799893408470507

328 Crownlay the Basher (level 6, 0/44 HPs)
             Began as a Gnoll Wanderer on Feb 13, 2023.
             Slain by an adder (2 damage)
             ... in a sewer.
             The game lasted 00:06:39 (2845 turns).

Crownlay the Basher (Gnoll Wanderer)                Turns: 2845, Time: 00:06:39

Health: 0/44       AC:  4    Str: 12    XL:     6   Next: 50%
Magic:  0/11       EV: 12    Int: 14    God:
Gold:   193        SH:  0    Dex: 10    Spells: 11/12 levels left

rFire   . . .      SeeInvis .    a - +0 flail
rCold   . . .      Faith    .    (no shield)
rNeg    . . .      Spirit   .    d - +0 leather armour
rPois   .          Reflect  .    b - +0 helmet
rElec   .          Harm     .    (no cloak)
rCorr   .          Rampage  .    (no gloves)
Will    .....                    (no boots)
Stlth   ++                       (no amulet)
HPRegen 0.27/turn                (no ring)
MPRegen 0.12/turn                (no ring)

@: lethally poisoned (0 -> -2)
A: fangs 1, strong nose, distributed training
a: no special abilities


You were in a sewer.
You visited 1 branch of the dungeon, and saw 3 of its levels.
You also visited: Sewer.

You collected 193 gold pieces.

Inventory:

Hand Weapons
 a - a +0 flail (weapon)
Armour
 b - a +0 helmet (worn)
 d - a +0 leather armour (worn)
Scrolls
 c - 3 scrolls of fog
 e - 3 scrolls of identify
 f - a scroll of enchant weapon {unknown}
 h - a scroll of enchant armour
 i - a scroll of poison
 j - 2 scrolls of teleportation
 m - a scroll of silence {unknown}
 n - a scroll of amnesia {unknown}
Potions
 k - a potion of lignification


   Skills:
 + Level 2.1 Fighting
 + Level 2.1 Short Blades
 + Level 2.1 Long Blades
 + Level 2.1 Axes
 + Level 10.6 Maces & Flails
 + Level 2.1 Polearms
 + Level 2.1 Staves
 + Level 2.1 Ranged Weapons
 + Level 2.1 Throwing
 + Level 2.1 Armour
 + Level 3.3 Dodging
 + Level 3.1 Stealth
 + Level 2.1 Shields
 + Level 2.1 Unarmed Combat
 + Level 3.5 Spellcasting
 + Level 1.6 Conjurations
 + Level 1.6 Hexes
 + Level 1.6 Summonings
 + Level 1.6 Necromancy
 + Level 1.6 Translocations
 + Level 1.6 Transmutations
 + Level 1.6 Fire Magic
 + Level 4.1 Ice Magic
 + Level 1.6 Air Magic
 + Level 1.6 Earth Magic
 + Level 1.6 Poison Magic
 + Level 2.3 Invocations
 + Level 2.1 Evocations


You had 11 spell levels left.
You knew the following spells:

 Your Spells              Type           Power      Damage    Failure   Level
a - Freeze                Ice            56%        1d7       4%          1

Your spell library contained the following spells:

 Spells                   Type           Power      Damage    Failure   Level
 Sublimation of Blood     Necr           7%         N/A       21%         2
 Wereblood                Tmut           7%         N/A       21%         2
 Hailstorm                Conj/Ice       10%        3d5       24%         3
 Summon Hydra             Summ           3%         N/A       100%        7


Dungeon Overview and Level Annotations

Branches:
Dungeon (3/15)              Sewer (1/1)

Altars:


Innate Abilities, Weirdness & Mutations

You have very sharp teeth.
Your uncanny sense of smell can sniff out nearby items.
Your experience applies equally to all skills.


Message History

Confirm with . or Enter, or press ? or * to list all spells.
Aiming: Freeze (safe; 4% risk of failure)
Press: ? - help, Shift-Dir - straight line, f/p - adder
Aim: an adder (water, heavily wounded)
You freeze the adder.
The adder is heavily wounded.
* * * LOW HITPOINT WARNING * * *
You feel sick. The adder bites you.
* * * LOW HITPOINT WARNING * * *
It was a potion of flight.
You feel very buoyant.
You fly up into the air.
* * * LOW HITPOINT WARNING * * *
You feel sick.
The adder bites you but does no damage. x2
It was a potion of cancellation.
Your magical effects are unravelling.
You feel magically purged.
You float gracefully downwards.
* * * LOW HITPOINT WARNING * * *
You feel sick. The adder closely misses you.
Casting: Freeze (safe; 4% risk of failure)
Confirm with . or Enter, or press ? or * to list all spells.
You don't have enough magic to cast this spell.
Unknown command.
Casting: Freeze (safe; 4% risk of failure)
Confirm with . or Enter, or press ? or * to list all spells.
You don't have enough magic to cast this spell.
Unknown command.
Okay, then.
Okay, then.
Okay, then.
You aren't carrying any items that you can evoke.
Unknown command.
Casting: Freeze (safe; 4% risk of failure)
Confirm with . or Enter, or press ? or * to list all spells.
You don't have enough magic to cast this spell.
You closely miss the adder.
The adder is heavily wounded.
* * * LOW HITPOINT WARNING * * *
You feel sick. The adder bites you.
You die...

∆ #..'....# ∆ #..#....# ∆
####...##
####################....#
S..≈≈≈≈≈≈≈≈≈≈≈≈≈≈≈#.....#
...≈~~≈~≈≈≈≈≈≈~~~≈~.†..##
...≈~~~~≈≈≈~~≈~~~~~....#
...~≈≈~~#≈~≈~~~≈≈~.....#
..~≈≈~≈≈†@.~≈≈≈~≈~....##
S..~~≈≈~S≈~≈~≈≈≈~≈..###
#####################


You could see an adder.

Vanquished Creatures
  A bullfrog (Sewer)
  An iguana (D:3)
  10 adders
  4 river rats (Sewer)
  A worm (D:3)
  4 dart slugs
  11 endoplasms
  5 giant cockroaches
  7 goblins
  5 hobgoblins
  3 kobolds (D:3)
  3 quokkas (D:2)
  15 ball pythons
  4 bats (D:2)
  4 frilled lizards
  32 rats
110 creatures vanquished.

Notes
Turn   | Place    | Note
-------+----------+-------------------------------------------
     0 | D:1      | Reached skill level 10 in Maces & Flails
     0 | D:1      | Crownlay the Gnoll Wanderer began the quest for the Orb.
     0 | D:1      | Crownlay set off with the following items: a +0 flail, a +0
                  | helmet, a scroll of fog, a +0 leather armour; and the
                  | following spell memorised: Freeze; and the following spells
                  | available to memorise: Hailstorm.
     0 | D:1      | Reached XP level 1. HP: 13/13 MP: 4/4
   133 | D:1      | Reached XP level 2. HP: 19/19 MP: 5/5
   601 | D:2      | Reached XP level 3. HP: 25/25 MP: 7/7
   657 | D:2      | Found a faded altar of an unknown god.
   723 | D:2      | Reached skill level 1 in Invocations
   770 | D:2      | Reached skill level 1 in Fighting
   770 | D:2      | Reached skill level 1 in Short Blades
   770 | D:2      | Reached skill level 1 in Long Blades
   770 | D:2      | Reached skill level 1 in Axes
   770 | D:2      | Reached skill level 1 in Polearms
   770 | D:2      | Reached skill level 1 in Staves
   770 | D:2      | Reached skill level 1 in Ranged Weapons
   770 | D:2      | Reached skill level 1 in Throwing
   770 | D:2      | Reached skill level 1 in Armour
   770 | D:2      | Reached skill level 1 in Shields
   770 | D:2      | Reached skill level 1 in Unarmed Combat
   770 | D:2      | Reached skill level 1 in Evocations
   834 | D:2      | Reached XP level 4. HP: 21/32 MP: 8/8
  1433 | D:3      | Reached skill level 1 in Conjurations
  1433 | D:3      | Reached skill level 1 in Hexes
  1433 | D:3      | Reached skill level 1 in Summonings
  1433 | D:3      | Reached skill level 1 in Necromancy
  1433 | D:3      | Reached skill level 1 in Translocations
  1433 | D:3      | Reached skill level 1 in Transmutations
  1433 | D:3      | Reached skill level 1 in Fire Magic
  1433 | D:3      | Reached skill level 1 in Air Magic
  1433 | D:3      | Reached skill level 1 in Earth Magic
  1433 | D:3      | Reached skill level 1 in Poison Magic
  1782 | D:3      | Reached XP level 5. HP: 22/37 MP: 9/9
  1955 | D:3      | Found a glowing drain.
  1970 | Sewer    | Entered a sewer
  2517 | Sewer    | Reached XP level 6. HP: 14/44 MP: 2/11
  2845 | Sewer    | HP: 2/44 [poisoned by an adder]
  2845 | Sewer    | Slain by an adder

Illustrated notes

Levels and vault maps discovered:
D:1:      dpeg_arrival_connections, layout_loops_ring, minmay_tetromino_t4
D:2:      minmay_thinvault, layout_basic, ebering_ecumenical_altar_hall
D:3:      layout_loops_ring, portal_sewer_entry_b,
          chequers_serial_rivers_micro_e, grunt_decor_arrowhead,
          nrook_loot_triangle, kennysheep_cross_room
Sewer:    sewer_minmay_w

Skill      XL: |  1  2  3  4  5  6 |
---------------+-------------------+-----
Maces & Flails | | 10.6
Invocations    | 1 2 |  2.3
Fighting       | 1 2 |  2.1
Short Blades   | 1 2 |  2.1
Long Blades    | 1 2 |  2.1
Axes           | 1 2 |  2.1
Polearms       | 1 2 |  2.1
Staves         | 1 2 |  2.1
Ranged Weapons | 1 2 |  2.1
Throwing       | 1 2 |  2.1
Armour         | 1 2 |  2.1
Shields        | 1 2 |  2.1
Unarmed Combat | 1 2 |  2.1
Evocations     | 1 2 |  2.1
Spellcasting   | 3 |  3.5
Conjurations   | 1 |  1.6
Hexes          | 1 |  1.6
Summonings     | 1 |  1.6
Necromancy     | 1 |  1.6
Translocations | 1 |  1.6
Transmutations | 1 |  1.6
Fire Magic     | 1 |  1.6
Air Magic      | 1 |  1.6
Earth Magic    | 1 |  1.6
Poison Magic   | 1 |  1.6
Dodging        | 3 |  3.3
Ice Magic      | 4 |  4.1
Stealth        | 3 |  3.1

Action                     |  1- 3 |  4- 6 || total
---------------------------+-------+-------++-------
  Melee: Flail             |    88 |   190 ||   278
         Bite              |     4 |     6 ||    10
         Punch             |     1 |     2 ||     3
   Cast: Freeze            |       |    34 ||    34
    Use: Scroll            |       |     7 ||     7
         Potion            |       |     4 ||     4
   Stab: Sleeping          |     2 |     1 ||     3
 Armour: Leather armour    |    19 |    83 ||   102
  Dodge: Dodged            |    41 |   190 ||   231

Table legend: (Time is in decaauts)
 A = Elapsed time spent in this place.
 B = Non-inter-level travel time spent in this place.
 C = Inter-level travel time spent in this place.
 D = Time resting spent in this place.
 E = Time spent auto-exploring this place.
 F = Levels seen in this place.
 G = Mean time per level.
                   A        B        C        D        E       F      G
               +--------+--------+--------+--------+--------+-----+--------+
         Total |   2852 |   2685 |    167 |      0 |   1672 |   4 |  713.0 |
       Dungeon |   1952 |   1785 |    167 |      0 |   1091 |   3 |  650.7 |
         Sewer |    900 |    900 |      0 |      0 |    581 |   1 |  900.0 |
               +--------+--------+--------+--------+--------+-----+--------+

Top non-repeatable levels by time:
   Sewer: 900 daAuts
     D:2: 796 daAuts
     D:1: 590 daAuts
     D:3: 565 daAuts
